[Event "Titled Tuesday Blitz August 31 2021"]
[White "Krivonosov, Oleg"]
[Black "Ovchinnikov, Vsevolod"]
[WhiteFideId "11600349"]
[BlackFideId "24176842"]
[WhiteElo "2469"]
[BlackElo "2376"]
[Result "1-0"]
[Round "10"]
[TimeControl "180+1"]
[Date "2021.08.31"]
[WhiteClock "0:00:30"]
[BlackClock "0:00:04"]

1. Nf3 Nf6 2. c4 g6 3. Nc3 d5 4. cxd5 Nxd5 5. e4 Nb6 6. h3 Bg7 7. d4 Nc6 8. Be3 O-O 9. Be2 f5 10. exf5 Bxf5 11. O-O h6 12. Rc1 g5 13. d5 Ne5 14. Nxe5 Bxe5 15. Bd4 Bf4 16. Be3 Bxe3 17. fxe3 a6 18. Qd4 Bg6 19. e4 Kh7 20. e5 Rxf1+ 21. Rxf1 Qh8 22. Bd3 Rf8 23. Bxg6+ Kxg6 24. Re1 Rf4 25. Qc5 Qd8 26. g3 Rf5 27. Kg2 Nd7 28. Qd4 h5 29. Qd3 g4 30. hxg4 hxg4 31. Qd4 Qh8 32. Qxg4+ Rg5 33. Qxd7 Rxe5 34. Qg4+ Kf7 35. Qf4+ Qf6 36. Rxe5 Qxf4 1-0


[Site "https://www.chess.com"]

[Event "Titled Tuesday Blitz August 31 2021"]
[White "Kuzubov, Yuriy"]
[Black "Maly, Alexey"]
[WhiteFideId "14112906"]
[BlackFideId "14103184"]
[WhiteElo "2564"]
[BlackElo "2250"]
[Result "1/2-1/2"]
[Round "10"]
[TimeControl "180+1"]
[Date "2021.08.31"]
[WhiteClock "0:00:04"]
[BlackClock "0:00:05"]

1. e4 c6 2. Nc3 d5 3. Nf3 Bg4 4. h3 Bxf3 5. Qxf3 e6 6. d3 Nf6 7. Bd2 Qb6 8. Rb1 d4 9. Ne2 c5 10. g4 Nc6 11. g5 Nd7 12. a3 Be7 13. Bg2 O-O 14. h4 f5 15. Qg3 Nde5 16. f4 Ng4 17. exf5 exf5 18. Bf3 Rae8 19. Bxg4 fxg4 20. Qxg4 c4 21. O-O Bc5 22. Kh2 cxd3 23. cxd3 Qb3 24. Rbd1 Qxd3 25. Nc1 Qc2 26. Qf3 Kh8 27. Qb3 Qf5 28. Qd3 Qg4 29. Qf3 Qf5 30. Nd3 Bd6 31. Kg2 Re4 32. Rde1 Rfe8 33. Rxe4 Rxe4 34. Re1 Rxe1 35. Bxe1 h6 36. Bd2 Ne7 37. Nf2 Ng6 38. Qe4 Nxh4+ 39. Kf1 Qxe4 40. Nxe4 Nf5 41. Ke2 h5 42. Kf3 Kg8 43. Nf2 g6 44. Ke4 Kf7 45. Kd5 Bb8 46. a4 h4 47. a5 a6 48. b4 Bc7 49. Kc5 Ke7 50. Kd5 Kd7 51. Bc1 Bd6 52. Bd2 Be7 53. Nh3 Bd6 54. Nf2 Bb8 55. Nh3 Bc7 56. Nf2 Bd8 57. Nh3 Be7 58. Nf2 Bf8 59. Nh3 Bg7 60. Ng1 Ne3+ 61. Ke4 Nc4 62. Be1 Nd6+ 63. Kd5 Nf5 64. Bd2 Bf8 65. Nh3 Be7 66. Ng1 Bd6 67. Nh3 Be7 1/2-1/2


[Site "https://www.chess.com"]

[Event "Titled Tuesday Blitz August 31 2021"]
[White "LEGENYA1998"]
[Black "Dzhaparov, Medet"]
[BlackFideId "13803689"]
[WhiteElo "2420"]
[BlackElo "1702"]
[Result "1/2-1/2"]
[Round "10"]
[TimeControl "180+1"]
[Date "2021.08.31"]
[WhiteClock "0:00:56"]
[BlackClock "0:00:10"]

1. b3 Nf6 2. Bb2 g6 3. Nf3 Bg7 4. g3 O-O 5. Bg2 d6 6. O-O Nbd7 7. c4 e5 8. d3 Nc5 9. Qc2 a5 10. Nbd2 Nh5 11. h3 f5 12. Rad1 Ne6 13. e4 Nc5 14. Rfe1 Bd7 15. d4 Nxe4 16. dxe5 Nxd2 17. Rxd2 Bc6 18. exd6 Bxb2 19. dxc7 Qxc7 20. Qxb2 Rfe8 21. Rxe8+ Rxe8 22. Re2 Rd8 23. Qe5 Qxe5 24. Rxe5 Rd1+ 25. Kh2 Nf6 26. Ng5 Rd2 27. Bxc6 bxc6 28. Rxa5 Rxf2+ 29. Kg1 Rb2 30. Ra8+ Kg7 31. Ra7+ Kh6 32. h4 Kh5 33. Rf7 Ne4 34. Nxe4 fxe4 35. Re7 Rxa2 36. Rxe4 Rb2 37. Re3 Kg4 38. Kf1 h6 39. Ke1 c5 40. Kd1 Rg2 41. Re5 Rxg3 42. Kc2 Rg2+ 43. Kc3 Rg3+ 44. Kb2 Rg2+ 45. Ka3 Rg3 46. Rxc5 Kxh4 47. Rc6 h5 48. Rc8 g5 49. c5 Rc3 50. Kb4 Rc1 51. c6 Kg3 52. Kb5 h4 53. c7 g4 54. Kb6 h3 55. Rg8 Rxc7 56. Kxc7 h2 57. Rh8 Kg2 58. b4 h1=Q 59. Rxh1 Kxh1 60. b5 g3 61. b6 g2 62. b7 g1=Q 63. b8=Q Qg3+ 64. Kc8 Qxb8+ 65. Kxb8 1/2-1/2


[Site "https://www.chess.com"]

[Event "Titled Tuesday Blitz August 31 2021"]
[White "Leenhouts, Koen"]
[Black "Wong, Yinn Long"]
[WhiteFideId "1008439"]
[BlackFideId "5707684"]
[WhiteElo "2409"]
[BlackElo "2016"]
[Result "0-1"]
[Round "10"]
[TimeControl "180+1"]
[Date "2021.08.31"]
[WhiteClock "0:00:01"]
[BlackClock "0:00:03"]

1. d4 e6 2. c4 Nf6 3. g3 Bb4+ 4. Bd2 Be7 5. Bg2 O-O 6. Nf3 d5 7. Qc2 c6 8. O-O Nbd7 9. Rd1 Ne4 10. Nc3 Nd6 11. c5 Nf5 12. e4 dxe4 13. Nxe4 Nf6 14. Bc3 Nd5 15. Ne5 Qc7 16. b4 b6 17. Rac1 Bb7 18. a3 Rfd8 19. Bb2 Rac8 20. Qe2 Qb8 21. h4 a5 22. bxa5 b5 23. Qh5 g6 24. Qe2 Qa7 25. Ng5 Bxg5 26. hxg5 Qxa5 27. Be4 Nde7 28. Kg2 Qa4 29. Bc2 Qa5 30. Bb3 Nd5 31. Rh1 b4 32. Nxf7 Re8 33. Nd6 Nxd6 34. cxd6 Qd8 35. Qe5 c5 36. f3 bxa3 37. Rxh7 Ne3+ 38. Kf2 Ng4+ 39. fxg4 Rf8+ 40. Ke2 Ba6+ 41. Kd2 Rf2+ 42. Ke3 Re2+ 43. Kf3 Rxe5 44. Rch1 Qf8+ 45. Kg2 Re2+ 46. Kh3 Kxh7 47. Bxe6 Rxe6 48. d7 Rd8 49. Bxa3 Re2 50. Bxc5 Qf7 0-1


[Site "https://www.chess.com"]

[Event "Titled Tuesday Blitz August 31 2021"]
[White "Leitao, Rafael"]
[Black "Moroni, Luca Jr"]
[WhiteFideId "2101246"]
[BlackFideId "865834"]
[WhiteElo "2609"]
[BlackElo "2491"]
[Result "1/2-1/2"]
[Round "10"]
[TimeControl "180+1"]
[Date "2021.08.31"]
[WhiteClock "0:00:18"]
[BlackClock "0:00:37"]

1. c4 g6 2. Nc3 Bg7 3. d4 d6 4. Nf3 Nc6 5. d5 Ne5 6. Nxe5 Bxe5 7. g3 Bd7 8. Bg2 h5 9. O-O h4 10. f4 Bxc3 11. bxc3 Qc8 12. Qd4 Nf6 13. f5 Bxf5 14. Bg5 hxg3 15. hxg3 Qd8 16. e4 Bh3 17. Rxf6 Bxg2 18. Re6 Rh1+ 19. Kxg2 Rxa1 20. Bxe7 fxe6 21. Qh8+ Kxe7 22. Qg7+ Ke8 23. Qg8+ Ke7 24. Qg7+ Ke8 25. Qg8+ Ke7 26. Qg7+ 1/2-1/2


[Site "https://www.chess.com"]

[Event "Titled Tuesday Blitz August 31 2021"]
[White "Lisik, Valery"]
[Black "Chernomordik, Pavel"]
[WhiteFideId "4101596"]
[BlackFideId "2804530"]
[WhiteElo "2556"]
[BlackElo "2256"]
[Result "1-0"]
[Round "10"]
[TimeControl "180+1"]
[Date "2021.08.31"]
[WhiteClock "0:00:08"]
[BlackClock "0:00:01"]

1. d4 g6 2. e4 Bg7 3. Nc3 d6 4. h4 h6 5. h5 g5 6. g3 Nf6 7. f3 c6 8. Bg2 b5 9. a3 Nbd7 10. Nge2 Qb6 11. Be3 a5 12. g4 Bb7 13. Qd2 b4 14. Nd1 O-O 15. O-O Ba6 16. Rf2 Qb5 17. Ng3 e6 18. Bf1 Qb7 19. Bxa6 Rxa6 20. axb4 axb4 21. Rxa6 Qxa6 22. Qxb4 c5 23. Qa3 Qc6 24. Ne2 Ra8 25. Qd3 Ra1 26. Rf1 d5 27. e5 Ne8 28. c3 Nc7 29. Nf2 Ra2 30. Qb1 Qa6 31. Nc1 Ra1 32. Qd3 Qb7 33. Qc2 Nb5 34. Nb3 Ra2 35. Nd1 Na3 36. Na5 Qb5 37. Qb3 Qxb3 38. Nxb3 Nc4 39. Bc1 cxd4 40. cxd4 Ra6 41. Nd2 Ndb6 42. b3 Nxd2 43. Bxd2 Ra2 44. Bb4 Rc2 45. Bc5 Nd7 46. b4 f6 47. exf6 Bxf6 48. Ne3 Rc3 49. Ng2 Nxc5 50. dxc5 Bd4+ 51. Kh1 Rb3 52. f4 Rxb4 53. fxg5 hxg5 54. Rc1 Rc4 55. Rxc4 dxc4 56. c6 Be5 57. Ne3 c3 58. Kg2 Kf8 59. h6 Kg8 60. Kf3 Kh7 61. Ke4 Bf4 62. Kd3 Kxh6 63. Kxc3 Kg6 64. Nc4 Kf6 65. Kd3 Ke7 66. Ke4 Bc7 67. Kd4 Kf6 68. Nd2 Bb6+ 69. Kc4 Ke5 70. Kb5 Bc7 71. Ka6 Kf4 72. Kb7 Be5 73. Nc4 1-0


[Site "https://www.chess.com"]

[Event "Titled Tuesday Blitz August 31 2021"]
[White "Lomaia, Diana"]
[Black "Jovic, Stanoje"]
[WhiteFideId "13612476"]
[BlackFideId "905020"]
[WhiteElo "1742"]
[BlackElo "2286"]
[Result "1-0"]
[Round "10"]
[TimeControl "180+1"]
[Date "2021.08.31"]
[WhiteClock "0:01:27"]
[BlackClock "0:00:01"]

1. d4 Nf6 2. Nf3 e6 3. c4 b6 4. a3 d5 5. cxd5 exd5 6. Nc3 Bd6 7. Bg5 c6 8. e3 h6 9. Bh4 O-O 10. Bd3 Nbd7 11. O-O Qc7 12. Rc1 Qb8 13. e4 dxe4 14. Nxe4 Nxe4 15. Bxe4 Bb7 16. Bxc6 Bxc6 17. Rxc6 Re8 18. Re1 Rxe1+ 19. Qxe1 Bf8 20. Bg3 Qd8 21. Bd6 Nb8 22. Bxb8 Rxb8 23. Qe5 Rc8 24. Qb5 a6 25. Qc4 Rxc6 26. Qxc6 a5 27. h3 Bd6 28. g3 Bc7 29. d5 Qe7 30. Kg2 g5 31. Qxh6 f6 32. h4 gxh4 33. Qxh4 Qd6 34. Qg4+ Kf7 35. Qf5 Ke7 36. Nd4 a4 37. Nc6+ Kf7 38. Qh7+ Kf8 39. Qf5 Kf7 40. Nd4 1-0


[Site "https://www.chess.com"]

[Event "Titled Tuesday Blitz August 31 2021"]
[White "Lopez Gracia, Fernando"]
[Black "Skliarov, Viktor"]
[WhiteFideId "2207184"]
[BlackFideId "14106736"]
[WhiteElo "2384"]
[BlackElo "2281"]
[Result "1-0"]
[Round "10"]
[TimeControl "180+1"]
[Date "2021.08.31"]
[WhiteClock "0:01:29"]
[BlackClock "0:00:16"]

1. c4 e5 2. Nc3 Bb4 3. Nd5 Ba5 4. Nf3 c6 5. Nc3 Bc7 6. e4 Nf6 7. g3 d5 8. cxd5 cxd5 9. exd5 e4 10. Nd4 Nxd5 11. Bg2 Nf4 12. gxf4 Qxd4 13. Nxe4 Bxf4 14. d3 Bxc1 15. Rxc1 O-O 16. Qb3 Be6 17. Qc3 Qxc3+ 18. Nxc3 Nc6 19. Bxc6 bxc6 20. Kd2 Rfd8 21. Ke3 Rab8 22. b3 Rb4 23. Ne4 Rbd4 24. Rhd1 f5 25. Rxc6 Bd5 26. Rd6 Rxd6 27. Nxd6 Rh4 28. Nxf5 Rxh2 29. Ne7+ Kf7 30. Nxd5 1-0


[Site "https://www.chess.com"]

[Event "Titled Tuesday Blitz August 31 2021"]
[White "Maiorov, Nikita"]
[Black "Wagner, Dennis"]
[WhiteFideId "13501720"]
[BlackFideId "24650684"]
[WhiteElo "2440"]
[BlackElo "2355"]
[Result "1-0"]
[Round "10"]
[TimeControl "180+1"]
[Date "2021.08.31"]
[WhiteClock "0:00:02"]
[BlackClock "0:00:03"]

1. d4 d5 2. c4 c6 3. Nc3 Nf6 4. e3 Bf5 5. cxd5 cxd5 6. Qb3 Nc6 7. Qxb7 Bd7 8. Qb3 Rb8 9. Qd1 e5 10. Nf3 Bd6 11. dxe5 Nxe5 12. Nd4 O-O 13. Be2 Qe7 14. O-O Ng6 15. a4 h5 16. Ndb5 Be5 17. Bxh5 a6 18. Nd4 Rb4 19. Bf3 Bb8 20. g3 Bh3 21. Re1 Nh4 22. Nc6 Nxf3+ 23. Qxf3 Qc5 24. Nxb4 Qxb4 25. Qd1 Ba7 26. Bd2 Qb7 27. Qf3 Qxb2 28. Nxd5 Ng4 29. Bc3 Qc2 30. Rac1 Qh7 31. Bd4 Nxh2 32. Qh1 Bxd4 33. exd4 Ng4 34. Nf4 Nxf2 35. Kxf2 Rb8 36. Qxh3 Rb2+ 37. Re2 Rxe2+ 38. Kxe2 Qe4+ 39. Kf2 Qxd4+ 40. Kf3 g5 41. Rc8+ Kg7 42. Nh5+ Kg6 43. Rc6+ Kh7 44. Nf6+ Kg7 45. Qh7+ Kf8 46. Qg8+ Ke7 47. Qe8# 1-0


[Site "https://www.chess.com"]

[Event "Titled Tuesday Blitz August 31 2021"]
[White "Manukyan, Artyom"]
[Black "Blomqvist, Erik"]
[WhiteFideId "13305786"]
[BlackFideId "1709437"]
[WhiteElo "2034"]
[BlackElo "2460"]
[Result "0-1"]
[Round "10"]
[TimeControl "180+1"]
[Date "2021.08.31"]
[WhiteClock "0:00:07"]
[BlackClock "0:00:04"]

1. e4 c5 2. Nc3 g6 3. d4 cxd4 4. Qxd4 Nf6 5. Nf3 Nc6 6. Qa4 d6 7. e5 dxe5 8. Nxe5 Bg7 9. Bb5 O-O 10. Nxc6 bxc6 11. Bxc6 Rb8 12. O-O Qc7 13. Re1 Rb6 14. Bf3 Bb7 15. Bxb7 Qxb7 16. Qa3 Rb4 17. h3 Rc8 18. Bd2 Bf8 19. Nd1 Re4 20. Rxe4 Nxe4 21. Bc3 Qd7 22. Qa6 e6 23. Qd3 Qb7 24. Qf3 Qc6 25. a4 Bc5 26. a5 a6 27. Qf4 f5 28. Qe5 Nxc3 29. Qxc3 Qd5 30. Qd3 Qxd3 31. cxd3 Bd4 32. Nc3 Rb8 33. Ra2 Kf7 34. g3 Rb3 35. Nd1 Rxd3 36. Nc3 Bxc3 37. bxc3 Rxc3 38. Ra4 Rc5 39. Kg2 Kf6 40. h4 e5 41. Kf3 e4+ 42. Kf4 Rc3 0-1


[Site "https://www.chess.com"]

[Event "Titled Tuesday Blitz August 31 2021"]
[White "Martin Duque, Jesus"]
[Black "Materia, Marco"]
[WhiteFideId "2208954"]
[BlackFideId "45150451"]
[WhiteElo "2224"]
[BlackElo "2662"]
[Result "1/2-1/2"]
[Round "10"]
[TimeControl "180+1"]
[Date "2021.08.31"]
[WhiteClock "0:00:10"]
[BlackClock "0:00:02"]

1. Nf3 Nf6 2. c4 e6 3. Nc3 d5 4. d4 Be7 5. e3 O-O 6. a3 b6 7. cxd5 exd5 8. Bd3 Bb7 9. O-O Nbd7 10. b4 c5 11. bxc5 bxc5 12. dxc5 Nxc5 13. Rb1 Nxd3 14. Qxd3 Qd7 15. Rd1 Rac8 16. Bd2 Rfd8 17. Nd4 Ba8 18. Qb5 Ne4 19. Qxd7 Rxd7 20. Nxe4 dxe4 21. Bb4 Bf6 22. Nf5 Rdc7 23. Nd6 Rb8 24. Rbc1 Rxc1 25. Rxc1 g6 26. h3 Be5 27. Rc7 a5 28. Re7 axb4 29. Rxe5 bxa3 30. Ra5 Bc6 31. Rxa3 Rb1+ 32. Kh2 f5 33. Kg3 Rb2 34. Ra7 Rd2 35. Nc4 Rc2 36. Ne5 Bb5 37. h4 Be8 38. Re7 Ba4 39. Nf7 Bb3 40. Nh6+ Kh8 41. Rb7 Ba2 42. h5 gxh5 43. Nxf5 Be6 44. Rb8+ Rc8 45. Rxc8+ Bxc8 46. Nd6 Be6 47. Nxe4 Bd5 48. Nf6 h4+ 49. Kh3 Bc6 50. f3 Kg7 51. Nh5+ Kg6 52. Kxh4 Bb5 53. Ng3 Bd3 54. Kg4 Bb5 55. Kf4 Kf6 56. e4 Ba6 57. Nf5 Bb5 58. g4 Be2 59. Ne3 Bd3 60. Nd5+ Ke6 61. Kg5 Ke5 62. Kh6 Be2 63. g5 Bxf3 64. Nf6 Kf4 65. Nxh7 Bxe4 66. g6 Bxg6 1/2-1/2


[Site "https://www.chess.com"]

[Event "Titled Tuesday Blitz August 31 2021"]
[White "Mekhitarian, Krikor Sevag"]
[Black "Borsuk, Konstantin"]
[WhiteFideId "2107660"]
[BlackFideId "14113406"]
[WhiteElo "2598"]
[BlackElo "2382"]
[Result "0-1"]
[Round "10"]
[TimeControl "180+1"]
[Date "2021.08.31"]
[WhiteClock "0:00:01"]
[BlackClock "0:00:03"]

1. d4 Nf6 2. Nf3 e6 3. Bf4 b6 4. e3 Bb7 5. Nbd2 Be7 6. h3 d6 7. Bd3 Nbd7 8. O-O h6 9. Qe2 g5 10. Bg3 Rg8 11. e4 g4 12. hxg4 Nxg4 13. d5 e5 14. Rfe1 a6 15. Nf1 h5 16. Ne3 h4 17. Bh2 Nxe3 18. Qxe3 Rg6 19. Be2 Bc8 20. Kh1 Nf8 21. Nd2 Bg5 22. Qd3 Rh6 23. Nf1 Ng6 24. Ne3 Kf8 25. c4 a5 26. Qc3 Qf6 27. Rf1 Bf4 28. Bg4 Bxh2 29. Bxc8 Rxc8 30. Ng4 Qg5 31. Nxh6 Qxh6 32. Qh3 Rd8 33. Qxh2 Qg5 34. Qh3 Nf4 35. Qf3 Ke7 36. Kh2 Rg8 37. Rg1 Qf6 38. b3 Qh6 39. a3 Rg5 40. b4 Ng6 41. bxa5 Rg3 42. Qf5 bxa5 43. c5 Rg5 44. Qc8 Rh5 45. Qxc7+ Kf6 46. Qxd6+ Kg7 47. Qd7 Qf4+ 48. Kh1 h3 49. g3 Qf3+ 50. Kh2 Qxf2+ 51. Kh1 Qf3+ 52. Kh2 Qe2+ 53. Kh1 h2 54. Rg2 Qxe4 55. Rf1 Kh6 56. Qb5 Rf5 57. Rxf5 Qxf5 58. Qe2 Kg7 59. Kxh2 Qg5 0-1


[Site "https://www.chess.com"]

[Event "Titled Tuesday Blitz August 31 2021"]
[White "Mirzoev, Azer"]
[Black "Golubev, Mikhail"]
[WhiteFideId "13400304"]
[BlackFideId "14100983"]
[WhiteElo "2525"]
[BlackElo "2374"]
[Result "1-0"]
[Round "10"]
[TimeControl "180+1"]
[Date "2021.08.31"]
[WhiteClock "0:00:09"]
[BlackClock "0:00:01"]

1. d4 Nf6 2. Nf3 d6 3. c4 g6 4. Nc3 Bg7 5. e4 O-O 6. Be2 e5 7. O-O Nc6 8. Be3 Re8 9. dxe5 dxe5 10. h3 Be6 11. a3 a5 12. Rc1 Nh5 13. Bg5 Qxd1 14. Rfxd1 Nf4 15. Bf1 h6 16. Bh4 g5 17. Bg3 g4 18. hxg4 Bxg4 19. Nd5 Bxf3 20. gxf3 Ne6 21. Bh3 Ncd4 22. Bxe6 Nxe6 23. c5 c6 24. Nb6 Rad8 25. Nc4 Nd4 26. Kg2 Re6 27. Nxa5 Rd7 28. b3 Rg6 29. b4 h5 30. Kf1 f6 31. Nc4 Bh6 32. Rc3 Rdg7 33. Rxd4 exd4 34. Rd3 Rd7 35. Nd6 Bc1 36. a4 Rh6 37. Nf5 Rhh7 38. b5 Bg5 39. Rxd4 1-0


[Site "https://www.chess.com"]

[Event "Titled Tuesday Blitz August 31 2021"]
[White "Naroditsky, Daniel"]
[Black "Kobalia, Mikhail"]
[WhiteFideId "2026961"]
[BlackFideId "4119150"]
[WhiteElo "2608"]
[BlackElo "2569"]
[Result "1-0"]
[Round "10"]
[TimeControl "180+1"]
[Date "2021.08.31"]
[WhiteClock "0:01:23"]
[BlackClock "0:00:20"]

1. b3 e5 2. Bb2 Nc6 3. c4 g6 4. e3 Bg7 5. Nf3 Nge7 6. d4 exd4 7. Nxd4 Nxd4 8. Bxd4 O-O 9. Bxg7 Kxg7 10. Nc3 b6 11. Be2 Bb7 12. O-O Kg8 13. Bf3 Bxf3 14. Qxf3 Nf5 15. Rad1 d6 16. e4 Ng7 17. e5 Nf5 18. Ne4 Qe7 19. exd6 cxd6 20. Qf4 Qe5 21. Qf3 Rfe8 22. Rfe1 Kg7 23. g3 Rad8 24. Rd5 Qb2 25. Re2 Qa1+ 26. Kg2 Re5 27. Red2 Rxd5 28. Rxd5 Qb2 29. Qf4 Re8 30. Rxf5 gxf5 31. Nxd6 Rf8 32. Qg5+ Kh8 33. Qe7 Kg8 34. Nxf5 a5 35. h4 Qc3 36. h5 Qb2 37. h6 Ra8 38. Nd6 Rf8 39. Qg5+ Kh8 40. Nxf7+ 1-0


[Site "https://www.chess.com"]

[Event "Titled Tuesday Blitz August 31 2021"]
[White "Nazaretyan, Tigran"]
[Black "Fier, Alexandr"]
[WhiteFideId "24162345"]
[BlackFideId "2107139"]
[WhiteElo "2167"]
[BlackElo "2569"]
[Result "0-1"]
[Round "10"]
[TimeControl "180+1"]
[Date "2021.08.31"]
[WhiteClock "0:00:15"]
[BlackClock "0:01:17"]

1. d4 Nf6 2. c4 c5 3. d5 e6 4. Nc3 exd5 5. cxd5 d6 6. e4 g6 7. Bd3 Bg7 8. h3 O-O 9. Nf3 Re8 10. O-O c4 11. Bc2 b5 12. a3 Nbd7 13. Bf4 Nc5 14. Re1 a6 15. e5 dxe5 16. Nxe5 Bb7 17. Nc6 Qb6 18. Ne7+ Kf8 19. d6 Rad8 20. Qd4 Na4 21. Qe5 Nxc3 22. Qxc3 Nh5 23. Be5 Rxd6 24. Bxd6 Qxd6 25. Qb4 Qxb4 26. axb4 Rxe7 27. Rxe7 Kxe7 28. Re1+ Kf8 29. b3 Nf4 30. bxc4 bxc4 31. g3 Nd5 32. Rb1 Nc3 33. Re1 Na2 34. Rb1 Bc6 35. Bd1 Nc3 36. Rc1 Nxd1 37. Rxd1 c3 38. Rc1 Ba4 39. f4 c2 40. Kf2 Bb2 41. Rxc2 Bxc2 42. Ke2 Ba4 43. Kd2 Bb5 44. Kc2 Bf6 45. g4 Ke7 46. Kd2 Kd6 47. Ke3 Kd5 48. g5 Bd4+ 49. Kf3 Kc4 50. h4 Kxb4 51. h5 a5 52. h6 a4 53. Ke4 Bc3 54. f5 a3 55. fxg6 fxg6 56. Kd5 a2 57. Ke6 a1=Q 58. Kf7 Qa7+ 59. Kg8 Bc4+ 60. Kf8 Qf7# 0-1


[Site "https://www.chess.com"]

[Event "Titled Tuesday Blitz August 31 2021"]
[White "Ogloblin, Nikolay"]
[Black "Havanecz, Bianka"]
[WhiteFideId "4139658"]
[BlackFideId "704814"]
[WhiteElo "2265"]
[BlackElo "2356"]
[Result "1/2-1/2"]
[Round "10"]
[TimeControl "180+1"]
[Date "2021.08.31"]
[WhiteClock "0:00:13"]
[BlackClock "0:00:08"]

1. d4 d5 2. Nf3 e6 3. c4 Nf6 4. Qc2 Be7 5. Bf4 c6 6. e3 O-O 7. Nc3 Nbd7 8. h3 Re8 9. a3 Nf8 10. Bd3 a6 11. O-O dxc4 12. Bxc4 b5 13. Ba2 Bb7 14. Rfd1 Qb6 15. b4 a5 16. Rab1 axb4 17. axb4 Nd5 18. Nxd5 cxd5 19. Bc7 Qc6 20. Qxc6 Bxc6 21. Rd2 Rec8 22. Bb6 Nd7 23. Bc5 Bf8 24. Bb3 Ra3 25. Ra2 Rca8 26. Rxa3 Rxa3 27. Bd1 f6 28. Be2 Kf7 29. Rc1 Nb8 30. Ne1 Bd7 31. Nd3 Na6 32. Bxf8 Kxf8 33. Nc5 Nxc5 34. Rxc5 Rb3 35. Bxb5 Bxb5 36. Rxb5 Rb2 37. Rb7 h5 38. h4 Kg8 39. g3 Kf8 40. Kg2 g6 41. b5 Rb3 42. b6 e5 43. dxe5 fxe5 44. Rd7 Rxb6 45. Rxd5 Re6 46. e4 Kf7 47. Kf3 Kf6 48. Ke3 Ra6 49. Rd3 Ke6 50. Rb3 Rc6 51. f3 Ra6 52. f4 Rc6 53. Ra3 Rb6 54. Rc3 Ra6 55. Kf3 Rb6 56. fxe5 Kxe5 57. Rc5+ Kf6 58. Kf4 Rb1 59. Rc6+ Kf7 60. Kg5 Rb5+ 61. Kf4 Ra5 62. Rd6 Rb5 63. Rd5 Rb1 64. Kg5 Rb4 65. Re5 Rc4 66. Kf4 Kf6 67. Ra5 Rc1 68. Ra6+ Kg7 69. Rb6 Rc5 70. Rd6 Kf7 71. Rd5 Rc1 72. Rd7+ Ke6 73. Rg7 Kf6 74. Ra7 Rf1+ 75. Ke3 Rg1 76. Kf2 Rd1 77. Ra6+ Kf7 78. Kf3 Rd3+ 79. Kf4 Rb3 80. Ra7+ Ke6 81. Ra5 Kf7 82. Ra6 Rc3 83. Ke5 Rxg3 84. Ra7+ Kg8 85. Kf6 Rg4 86. e5 Rxh4 87. e6 Re4 88. Rg7+ Kf8 89. Rxg6 Rf4+ 90. Ke5 Rf1 91. Rh6 Ke7 92. Rh7+ Ke8 93. Rxh5 Re1+ 94. Kf6 Rf1+ 95. Rf5 Rxf5+ 96. Kxf5 Ke7 97. Ke5 Ke8 98. Kf6 Kf8 99. Kf5 Ke7 100. Ke5 Ke8 101. Kd5 Ke7 102. Ke5 1/2-1/2


[Site "https://www.chess.com"]

[Event "Titled Tuesday Blitz August 31 2021"]
[White "Palchuk, Andrii"]
[Black "Harshavardhan G B"]
[WhiteFideId "14176688"]
[BlackFideId "25059009"]
[WhiteElo "2320"]
[BlackElo "1825"]
[Result "0-1"]
[Round "10"]
[TimeControl "180+1"]
[Date "2021.08.31"]
[WhiteClock "0:00:11"]
[BlackClock "0:01:48"]

1. e4 e5 2. Nf3 Nc6 3. d4 exd4 4. Nxd4 Bc5 5. Be3 Qf6 6. c3 d6 7. g3 Nge7 8. Bg2 h5 9. h4 Bg4 10. Qa4 O-O 11. O-O Bd7 12. Qd1 Rad8 13. Nxc6 Nxc6 14. Bxc5 dxc5 15. Qxh5 Ne5 16. f4 Ng4 17. Qxc5 b6 18. Qd4 Qe7 19. Qd5 Be6 20. Qg5 f6 21. Qh5 f5 22. Na3 Qc5+ 23. Kh1 Qe3 24. Rf3 Qe2 25. exf5 Rd2 26. Rg1 Qxf3 27. fxe6 Rxg2 28. Rxg2 Qf1+ 29. Rg1 Qh3# 0-1


[Site "https://www.chess.com"]

[Event "Titled Tuesday Blitz August 31 2021"]
[White "Pap, Gyula"]
[Black "Roebers, Jan"]
[WhiteFideId "725323"]
[BlackFideId "1007815"]
[WhiteElo "2553"]
[BlackElo "2194"]
[Result "1-0"]
[Round "10"]
[TimeControl "180+1"]
[Date "2021.08.31"]
[WhiteClock "0:01:01"]
[BlackClock "0:00:02"]

1. e4 e5 2. Nf3 Nc6 3. Bb5 a6 4. Ba4 Nf6 5. d3 b5 6. Bb3 Be7 7. O-O O-O 8. Nc3 d6 9. h3 Na5 10. Nd5 Nxb3 11. Nxe7+ Qxe7 12. axb3 h6 13. Bd2 Nh5 14. Nd4 Nf4 15. Bxf4 exf4 16. Qf3 Qg5 17. Ne2 Bb7 18. Qxf4 Qxf4 19. Nxf4 f5 20. f3 Rae8 21. Rae1 g5 22. Ne2 c5 23. Ng3 f4 24. Nf5 Rf6 25. g4 fxg3 26. Kg2 d5 27. Nxg3 Ref8 28. Nh5 R6f7 29. Kg3 Kh7 30. Kg2 Kg6 31. Ng3 h5 32. Nf5 dxe4 33. dxe4 Rd7 34. Rd1 Rfd8 35. Ne3 Rd2+ 36. Rxd2 Rxd2+ 37. Rf2 Rxf2+ 38. Kxf2 Bc8 39. Kg2 Be6 40. Nf1 a5 41. Ng3 c4 42. bxc4 Bxc4 43. Nf5 b4 44. Ne7+ Kh6 45. Nc6 Be2 46. Nxa5 Bd1 47. c3 bxc3 48. bxc3 g4 49. hxg4 hxg4 50. fxg4 Kg5 51. Kf2 Kf4 52. g5 Kxg5 53. Ke3 Kf6 54. Kd4 Ke6 55. Nb7 Kd7 56. Nc5+ Kc6 57. e5 Bg4 58. c4 Kc7 59. Nd3 Kc6 60. Nb4+ Kc7 61. c5 Kd7 62. Nd5 Bf3 63. Nf4 Ke7 64. Nh3 Bg2 65. Ng5 Kd7 66. e6+ Ke7 67. Ke5 1-0


[Site "https://www.chess.com"]

[Event "Titled Tuesday Blitz August 31 2021"]
[White "Papasimakopoulos, Alexandros"]
[Black "Pichot, Alan"]
[WhiteFideId "4244125"]
[BlackFideId "110973"]
[WhiteElo "2352"]
[BlackElo "2622"]
[Result "0-1"]
[Round "10"]
[TimeControl "180+1"]
[Date "2021.08.31"]
[WhiteClock "0:00:58"]
[BlackClock "0:00:50"]

1. d4 Nf6 2. c4 g6 3. Nc3 d6 4. e4 Bg7 5. f3 O-O 6. Nge2 c5 7. d5 e6 8. Ng3 exd5 9. cxd5 a6 10. a4 h5 11. Bg5 Nbd7 12. Be2 Re8 13. O-O Qc7 14. Re1 Rb8 15. Nf1 c4 16. a5 b5 17. axb6 Qxb6+ 18. Be3 Qxb2 19. Bd4 Qb3 20. Qd2 Qb2 21. Qd1 Qb7 22. Bxc4 Qc7 23. Bxa6 Bxa6 24. Rxa6 Rb4 25. Rc6 Qb8 26. Bf2 Rb2 27. Re2 Ne5 28. Rxb2 Qxb2 29. Rc7 Nfg4 30. fxg4 Nxg4 31. Bd4 Rxe4 32. Bxg7 Qf2+ 33. Kh1 Re1 34. Qxe1 Qxe1 35. Bd4 Qxf1+ 36. Bg1 Nf2# 0-1


[Site "https://www.chess.com"]

[Event "Titled Tuesday Blitz August 31 2021"]
[White "Pastar, Slaven"]
[Black "Karttunen, Mika"]
[WhiteFideId "14402718"]
[BlackFideId "502081"]
[WhiteElo "2150"]
[BlackElo "2343"]
[Result "1-0"]
[Round "10"]
[TimeControl "180+1"]
[Date "2021.08.31"]
[WhiteClock "0:00:14"]
[BlackClock "0:00:10"]

1. b3 Nf6 2. Bb2 e6 3. Nf3 d5 4. e3 Be7 5. Be2 O-O 6. O-O c5 7. c4 Nc6 8. cxd5 Nxd5 9. a3 Bf6 10. Qc2 Bxb2 11. Qxb2 Qf6 12. Qxf6 Nxf6 13. Rc1 Na5 14. Bd1 b6 15. b4 Nb7 16. Ne5 cxb4 17. axb4 Nd5 18. b5 Nc5 19. d4 Ne4 20. Bf3 Nd6 21. Nc6 Nxb5 22. Ne7+ Nxe7 23. Bxa8 a5 24. Na3 Nd6 25. Rc7 Re8 26. Bc6 Nxc6 27. Rxc6 Nf5 28. Rxb6 h5 29. Rb8 Bd7 30. Rxe8+ Bxe8 31. Nc4 a4 32. Nb6 f6 33. Nxa4 e5 34. dxe5 fxe5 35. Nc3 Kf7 36. Ra5 Kf6 37. Ra6+ Kf7 38. Ne4 Bd7 39. Nd6+ Nxd6 40. Rxd6 Ke7 41. Rg6 Kf7 42. Rg5 e4 43. Rxh5 Kf6 44. Ra5 Be6 45. h3 Bf5 46. g4 Be6 47. Kg2 g5 48. Kg3 Bf7 49. h4 gxh4+ 50. Kxh4 Be6 51. g5+ Kg6 52. Ra6 Kf5 53. Rxe6 Kxe6 54. Kh5 1-0


[Site "https://www.chess.com"]